 Dungeon Crawl Stone Soup version 0.28-a0-1447-ga5a8893891 (webtiles) character file.

Game seed: 6548063850869621915

7 lunkers the Sneak (level 1, -4/11 HPs)
             Began as a Spriggan Delver on Jan 11, 2022.
             Slain by a river rat (9 damage)
             ... in a sewer.
             The game lasted 00:00:53 (350 turns).

lunkers the Sneak (Spriggan Delver)                  Turns: 350, Time: 00:00:53

Health: -4/11      AC:  2    Str:  8    XL:     1   Next: 83%
Magic:  2/2        EV: 17    Int: 11    God:
Gold:   8          SH:  0    Dex: 16    Spells: 0/0 levels left

rFire   . . .      SeeInvis +   a - +0 short sword
rCold   . . .      Faith    .   (no shield)
rNeg    . . .      Spirit   .   b - +0 robe
rPois   .          Reflect  .   (helmet restricted)
rElec   .          Harm     .   (no cloak)
rCorr   .          Rampage  .   (gloves unavailable)
Will    .....                   (boots unavailable)
Stlth   ++++......              (no amulet)
HPRegen 0.03/turn               (no ring)
MPRegen 0.08/turn               (no ring)

@: very quick
A: very small, no large weapons, unfitting armour, see invisible, speed 3
a: no special abilities


You were in a sewer.
You visited 1 branch of the dungeon, and saw 2 of its levels.
You also visited: Sewer.

You collected 8 gold pieces.

Inventory:

Hand Weapons
 a - a +0 short sword (weapon)
Armour
 b - a +0 robe (worn)
Wands
 g - a wand of digging (3)
Scrolls
 c - a scroll of fog
 d - a scroll of magic mapping
 e - a scroll of fear
Potions
 f - a potion of haste


   Skills:
 - Level 2.4 Fighting
 + Level 2.5 Short Blades
 - Level 2.6 Dodging
 + Level 7.5 Stealth


You couldn't memorise any spells.
You didn't know any spells.
Your spell library was empty.

Dungeon Overview and Level Annotations

Branches:
Dungeon (5/15)              Sewer (1/1)
 Temple: D:4-7

Altars:


Innate Abilities, Weirdness & Mutations

You are very small and have problems with some larger weapons.
You are too small for most types of armour.
You have supernaturally acute eyesight. (SInv)
You cover ground extremely quickly. (Speed+++)


Message History

You kill the giant cockroach!
Items here: ††††.
You enter the shallow water.
Moving in this stuff is going to be slow.
There is a glowing drain here.
You start resting.
You hear the slow hiss of a distant avalanche of sand.
You hear the slow rusting of a drain.
You start resting.
You hear the slow hiss of a distant avalanche of sand.
You hear the slow rusting of a drain.
You start resting.
You hear the hiss of a distant avalanche of sand.
You hear the slow rusting of a drain.
You start resting.
You hear the hiss of a distant avalanche of sand.
You hear the slow rusting of a drain.
The world spins around you as you enter the gateway.
You enter a sewer!
Found a gate leading back out of this place.
There is an empty arch of ancient stone here.
HP restored.
You enter the shallow water.
Moving in this stuff is going to be slow.
You enter the shallow water.
Moving in this stuff is going to be slow.
You enter the shallow water.
Moving in this stuff is going to be slow.
You enter the shallow water.
Moving in this stuff is going to be slow.
A river rat comes into view. 2 ball pythons come into view.
You hit the river rat but do no damage. The river rat completely misses you.
You hit the river rat but do no damage. The river rat bites you.
Ouch! That really hurt!
* * * LOW HITPOINT WARNING * * *
Okay, then.
You hit the river rat but do no damage. The river rat bites you!
Ouch! That really hurt!
You die...

##########
#≈.......#
#≈.....≈.#
#≈≈####..# #.@#
#.≈# #.r# #≈.# #≈.#
#≈.# #..# #≈≈# #..#
#.≈# #≈ #..# #≈.#
#S.S####.≈# #≈≈#
#....≈....####≈.###
##........##≈≈≈.≈≈#


You could see a river rat.

Vanquished Creatures
  2 giant cockroaches (D:4)
  3 quokkas (D:4)
5 creatures vanquished.

Notes
Turn   | Place    | Note
-------+----------+-------------------------------------------
     0 | D:5      | lunkers the Spriggan Delver began the quest for the Orb.
     0 | D:5      | Reached XP level 1. HP: 11/11 MP: 2/2
    11 | D:4      | Found a glowing drain.
   267 | Sewer    | Entered a sewer
   350 | Sewer    | Slain by a river rat

Illustrated notes

Levels and vault maps discovered:
D:4:      layout_loops_cross, temple_pool_b, portal_sewer_entry_f,
          nicolae_ossuary_entry_monument
D:5:      gammafunk_wand_slinger, layout_rooms, nicolae_sif_muna_condensation,
          zin_scriptorium, hellmonk_ghost_happy_afterlife,
          kennysheep_flooded_box, lightli_minifort, uniq_sigmund
Sewer:    sewer_hellmonk_slimy_pipes

Action                   || total
-------------------------++-------
Melee: Short sword       ||    46
Armor: Robe              ||     2
Dodge: Dodged            ||    39

Table legend: (Time is in decaauts)
 A = Elapsed time spent in this place.
 B = Non-inter-level travel time spent in this place.
 C = Inter-level travel time spent in this place.
 D = Time resting spent in this place.
 E = Time spent auto-exploring this place.
 F = Levels seen in this place.
 G = Mean time per level.
                   A        B        C        D        E       F      G
               +--------+--------+--------+--------+--------+-----+--------+
         Total |    331 |    331 |      0 |    190 |     59 |   3 |  110.3 |
       Dungeon |    258 |    258 |      0 |    190 |      0 |   2 |  129.0 |
         Sewer |     72 |     72 |      0 |      0 |     59 |   1 |   72.0 |
               +--------+--------+--------+--------+--------+-----+--------+

Top non-repeatable levels by time:
     D:4: 254 daAuts
   Sewer: 72 daAuts
     D:5: 4 daAuts
